 Dungeon Crawl Stone Soup version 0.31-a0-177-g4aa6249778 (webtiles) character file.

Game seed: 9526639782566968165

2 qw the Shooter (level 1, -1/19 HPs)
             Began as a Naga Hunter on June 18, 2023.
             Slain by a jackal (2 damage)
             ... on level 1 of the Dungeon.
             The game lasted 00:00:01 (80 turns).

qw the Shooter (Naga Hunter)                          Turns: 80, Time: 00:00:02

Health: -1/19      AC:  1    Str: 13    XL:     1   Next: 40%
Magic:  1/1        EV:  9    Int:  9    God:
Gold:   6          SH:  0    Dex: 14    Spells: 0/0 levels left

rFire   . . .        a - +0 shortbow
rCold   . . .        (shield currently unavailable)
rNeg    . . .        c - +0 leather armour
rPois   +            (no helmet)
rElec   .            (no cloak)
rCorr   .            (no gloves)
SInv    +            (no barding)
Will    .....        (no amulet)
Stlth   ++           (no ring)
HPRegen 0.23/turn    (no ring)
MPRegen 0.07/turn

%: no passive effects
@: short of breath, very slow
A: AC +0, large, see invisible, deformed body, poison resistance, slowness 2,
spit poison 1, naga tail 1
a: Spit Poison


You were on level 1 of the Dungeon.
You visited 1 branch of the dungeon, and saw 1 of its levels.

You collected 6 gold pieces.


Innate Abilities, Weirdness & Mutations

Your serpentine skin is tough. (AC +0)
You have supernaturally acute eyesight. (SInv)
Armour fits poorly on your strangely shaped body.
Your system is resistant to poisons. (rPois)
You cover ground very slowly.
You can spit poison.
You have a snake-like lower body.


   Skills:
 - Level 2.0 Fighting
 + Level 3.7 Ranged Weapons
 - Level 1.5 Dodging
 - Level 1.5 Stealth


You couldn't memorise any spells.
You didn't know any spells.
Your spell library was empty.

Inventory:

Hand Weapons
 a - a +0 shortbow (weapon)
Armour
 c - a +0 leather armour (worn)
Scrolls
 b - a scroll of butterflies
 d - a scroll of identify {unknown}
 e - a scroll of enchant armour {unknown}

Dungeon Overview and Level Annotations

Branches:
Dungeon (1/15)

Altars:


Message History

You shoot an arrow.
The arrow hits the jackal but does no damage.
You shoot an arrow. The arrow hits the jackal.
You kill the jackal!
The jackal bites you.
You shoot an arrow. The arrow hits the jackal.
The jackal is heavily wounded.
You have got your breath back.
A jackal comes into view.
The jackal bites you.
The jackal moves out of view.
74 ||| INVOKING Spit Poison.
Aiming: Spit Poison (3% risk of failure)
Press: ? - help, Shift-Dir - straight line, f/p - jackal The splash of poison hits the jackal.
The jackal is poisoned.
The jackal is almost dead.
The jackal closely misses you.
You shoot an arrow. The arrow hits the jackal.
You kill the jackal!
You hear a bark!
The jackal bites you. The jackal misses you.
You shoot an arrow. The arrow barely misses the jackal.
The jackal closely misses you.
You shoot an arrow. The arrow closely misses the jackal.
The jackal bites you.
The jackal bites you but does no damage. x2
The jackal bites you.
You shoot an arrow.
The arrow hits the jackal but does no damage.
The jackal barely misses you. The jackal bites you.
You shoot an arrow. The arrow barely misses the jackal.
You have got your breath back.
The jackal bites you. x2; The jackal closely misses you.
The jackal bites you.
80 ||| INVOKING Spit Poison.
Aiming: Spit Poison (3% risk of failure)
Press: ? - help, Shift-Dir - straight line, f/p - jackal The splash of poison hits the jackal.
The jackal is poisoned.
The jackal is heavily wounded.
The jackal bites you but does no damage.
The jackal bites you. x2
You die...

####.......#......#...#
...#..#########+###...#
.#....#.........#<#'###
...####.........#'#..#
#.## #.........#.'..#
#.# #.........######
#.# #.........#.# #.#
#.........#(# #.#
#.........@h# #.#
#.........#h# #.#
#'#########.# #.#####.#
.. #.......# ##.
###.##### .# #.# . #.#
## #.#


You could see 2 jackals.

Vanquished Creatures
  2 jackals (D:1)
2 creatures vanquished.

Notes
Turn   | Place    | Note
-------+----------+-------------------------------------------
     0 | D:1      | qw the Naga Hunter began the quest for the Orb.
     0 | D:1      | Reached XP level 1. HP: 19/19 MP: 1/1
     0 | D:1      | 0 ||| qw: Version: 0.3-a-5-g6f28e65
     0 | D:1      | 0 ||| qw: Game counter: 702
     0 | D:1      | 0 ||| qw: Always use a shield: true
     0 | D:1      | 0 ||| qw: God list: Okawaru
     0 | D:1      | 0 ||| qw: Allow faded altars: false
     0 | D:1      | 0 ||| qw: Do Orc after D:15 true
     0 | D:1      | 0 ||| qw: Do second Lair branch before Depths: true
     0 | D:1      | 0 ||| qw: Lair rune preference: random
     0 | D:1      | 0 ||| qw: Plans: Normal
     0 | D:1      | 0 ||| PLANNING D:1-11
    69 | D:1      | 69 ||| INVOKING Spit Poison.
    74 | D:1      | 74 ||| INVOKING Spit Poison.
    79 | D:1      | HP: 3/19 [jackal (2)]
    80 | D:1      | 80 ||| INVOKING Spit Poison.
    80 | D:1      | HP: 1/19 [jackal (2)]
    80 | D:1      | Slain by a jackal

Levels and vault maps discovered:
D:1:      evilmike_arrival_fibonacci_small, layout_loops_ring, serial_shops,
          nicolae_shop_gaudy_bauble, shop, hellmonk_ecumenical_altar_crossroads,
          serial_bayou_crossing

Action                     || total
---------------------------++-------
   Fire: Shortbow          ||     9
Ability: Spit Poison       ||     3
 Armour: Leather armour    ||     3
  Dodge: Dodged            ||     6

Table legend:
 A = Non-vault XP
 B = Vault XP
 C = Vault XP percentage of total XP
 D = Non-vault monster count
 E = Vault monster count
 F = Vault count percentage of total count
                 A         B        C        D         E       F
            +---------+---------+-------+---------+---------+-------
      Total |       4 |       0 |   0.0 |       2 |       0 |   0.0
            +---------+---------+-------+---------+---------+-------
        D:1 |       4 |       0 |   0.0 |       2 |       0 |   0.0
            +---------+---------+-------+---------+---------+-------
